 Dungeon Crawl Stone Soup version bcrawl-1.21.3 (webtiles) character file.

Game seed: 7173826977659556802

658 MisterOstroum the Skirmisher (level 7, 17/61 HPs)
             Began as a Centaur Berserker on Apr 3, 2020.
             Was a Believer of Trog.
             Quit the game on level 4 of the Dungeon.
             The game lasted 00:03:09 (4621 turns).

MisterOstroum the Skirmisher (Centaur Berserker)    Turns: 4621, Time: 00:03:10

Health: 17/61      AC:  6    Str: 22    XL:     7   Next: 30%
Magic:  7/7        EV:  9    Int:  6    God:    Trog [**....]
Gold:   198        SH:  3    Dex:  8    Spells: 6/6 levels left

rFire    . . .     SeeInvis .   k - +1 whip (venom)
rCold    . . .     Gourm    .   (no shield)
rNeg     . . .     Faith    .   z - +0 ring mail
rPois    .         Spirit   .   (no helmet)
rElec    .         Reflect  +   (no cloak)
rCorr    .         Harm     .   (no gloves)
MR       .....                  (no barding)
Stlth    ..........             u - +3 amulet of reflection
HPRegen  0.20/turn              (no ring)
MPRegen  0.10/turn              (no ring)

@: mildly poisoned (17 -> 16), berserk cooldown, slowed
A: large, hooves 3, deformed body, speed 2, tough skin 3
a: Berserk, Trog's Hand, Renounce Religion


You were on level 4 of the Dungeon.
You worshipped Trog.
Trog was pleased with you.
You were not hungry.

You visited 1 branch of the dungeon, and saw 5 of its levels.

You collected 198 gold pieces.

Inventory:

Hand Weapons
 a - a +0 hand axe
 k - a +1 whip of venom (weapon)
Missiles
 d - 287 arrows
 h - 734 stones (quivered)
 y - 97 bolts
Armour
 b - a +0 animal skin
 x - a +1 pair of gloves
 z - a +0 ring mail (worn)
Jewellery
 f - an uncursed ring of fire
 u - a +3 amulet of reflection (around neck)
Wands
 c - a wand of polymorph (14)
Scrolls
 j - a scroll of amnesia {unknown}
 l - 4 scrolls of identify {unknown}
 m - 4 scrolls of enchant weapon {unknown}
 o - 2 scrolls of noise {unknown}
 p - 3 scrolls of magic mapping {unknown}
 q - 2 scrolls of fear {unknown}
 t - 2 scrolls of remove curse {unknown}
Potions
 g - 2 potions of flight {unknown}
 i - 2 potions of curing {unknown}
 n - a potion of haste {unknown}
 r - 5 potions of heal wounds {unknown}
 s - a potion of degeneration {unknown}
 v - 2 potions of mutation {unknown}
Comestibles
 e - 4 rations {!d}
 w - 4 chunks of flesh


   Skills:
 * Level 5.4 Fighting
 - Level 3.3(4.0) Axes
 * Level 3.5(4.2) Maces & Flails
 + Level 2.7 Armour
 + Level 2.7 Dodging


You had 6 spell levels left.
You didn't know any spells.
Your spell library was empty.

Dungeon Overview and Level Annotations

Branches:
Dungeon (5/12)
 Temple: D:4-7

Altars:
Ashenzari
Cheibriados
Ru
Sif Muna
The Shining One

Annotations:
D:5 Pikel


Innate Abilities, Weirdness & Mutations

You have hooves in place of feet.
Armour fits poorly on your strangely shaped body.
You cover ground very quickly.
You have extremely tough skin. (AC +3)


Message History

The water moccasin hisses angrily.
You hear a shout! x2
Found a scroll labeled ILENLA IKISTIJ.
There is a stone staircase leading up here.
There are monsters nearby!
There are monsters nearby!
You hit the quokka zombie but do no damage.
Your kick misses the quokka zombie. You hit the quokka zombie.
Your kick misses the quokka zombie.
The quokka zombie is heavily damaged.
The quokka zombie barely misses you.
You hit the quokka zombie.
The quokka zombie is severely damaged.
The quokka zombie bites you but does no damage.
You hit the quokka zombie.
You destroy the quokka zombie!
Trog accepts your kill. The water moccasin bites you.
You miss the water moccasin. The water moccasin bites you.
You hit the water moccasin.
The water moccasin is lightly wounded.
The water moccasin bites you but does no damage.
You hit the water moccasin but do no damage.
Your kick misses the water moccasin.
The water moccasin is lightly wounded.
The water moccasin bites you!
You are poisoned.
The water moccasin poisons you!
You hit the water moccasin. Your kick misses the water moccasin.
The water moccasin is moderately wounded.
You feel sick. The water moccasin bites you! The water moccasin bites you.
You are more poisoned.
The water moccasin poisons you!
You are too injured to fight recklessly!
You are too injured to fight recklessly!
You are too injured to fight recklessly!
You are too injured to fight recklessly!
You are too injured to fight recklessly!
You are too injured to fight recklessly!
You are too injured to fight recklessly!
You are too injured to fight recklessly!
You are too injured to fight recklessly!
You are too injured to fight recklessly!
You are too injured to fight recklessly!
You are too injured to fight recklessly!
You are too injured to fight recklessly!
You are too injured to fight recklessly!
You are too injured to fight recklessly!
You are too injured to fight recklessly!
You are too injured to fight recklessly!
You are too injured to fight recklessly!
You are too injured to fight recklessly!
You are too injured to fight recklessly!
You are too injured to fight recklessly!
You are too injured to fight recklessly!
You are too injured to fight recklessly!
You are too injured to fight recklessly!
A red film seems to cover your vision as you go berserk!
You feel yourself moving faster!
You feel mighty!
You are feeling hungry.
You feel sick. The water moccasin barely misses you.
You barely miss the water moccasin. You kick the water moccasin!
The water moccasin is almost dead.
You feel sick. The water moccasin bites you.
You barely miss the water moccasin.
The water moccasin is almost dead.
You feel sick.
The water moccasin bites you but does no damage.
You closely miss the water moccasin. Your kick misses the water moccasin.
The water moccasin is almost dead.
You feel sick. The water moccasin bites you.
You whack the water moccasin!
You kill the water moccasin!
Trog accepts your kill.
You feel sick.
You see here a water moccasin corpse.
You feel a strong urge to attack something.
You feel sick.
Found 14 gold pieces.
You feel sick.
Found a ration.
You feel your anger nearly subside.
You are no longer berserk.
You are exhausted.
You feel yourself slow down.
You feel sick.
You see here a water moccasin corpse.
You feel sick.
There is a stone staircase leading up, spattered with blood here.
You start resting.
Eating one of 5 chunks of flesh.
You eat one of the 5 chunks of flesh.
This raw flesh tastes terrible.
You feel sick. x8
Pikel the Slaver comes into view.
He is wielding a +2 whip of freezing.
You feel sick.
Pikel shouts!
You climb upwards.
There is a stone staircase leading down here.
Saving game... please wait.
Welcome back, MisterOstroum the Centaur Berserker.
Trog says: Kill them all!
Press ? for a list of commands and other information.
Are you sure you want to abandon this character and quit the game? (Confirm with "yes".)

..# ##................#
###..##.. ###
#.................# ##...#. #
###.................# ##.###
###...................# ##.#
#....#................# ###..#
....##.............<.#####....#
..#####..............###.....##
.......#.....................#
...........<....@..........[.#
.............................#
...................######....##
..................## ####..#
..........####....# #..#
........### ##..## #.##
.....#### #### #.# ...### #.#
#### ###


There were no monsters in sight!

Vanquished Creatures
  A water moccasin (D:5)
  A sky beast (D:4)
  A scorpion (D:4)
  A howler monkey (D:4)
  2 crimson imps (D:4)
  3 centaur skeletons (D:4)
  8 gnolls
  6 adders
  An ooze (D:2)
  4 worms
  5 dart slugs (D:1)
  5 leopard geckos
  3 orcs (D:4)
  4 bats
  2 giant cockroaches
  3 goblins
  8 hobgoblins
  4 jackals
  5 kobolds
  2 quokkas (D:3)
  3 frilled lizards
  A quokka skeleton (D:3)
  A quokka zombie (D:5)
  2 rats (D:2)
76 creatures vanquished.

Notes
Turn   | Place    | Note
-------+----------+-------------------------------------------
     0 | D:1      | MisterOstroum the Centaur Berserker began the quest for the
                  | Orb.
     0 | D:1      | Reached XP level 1. HP: 19/19 MP: 1/1
    45 | D:1      | Reached XP level 2. HP: 12/26 MP: 2/2
   880 | D:1      | Reached XP level 3. HP: 23/31 MP: 3/3
  1363 | D:2      | Found a glowing golden altar of the Shining One.
  1434 | D:2      | Reached ** piety under Trog
  2087 | D:2      | Reached XP level 4. HP: 31/40 MP: 4/4
  2095 | D:2      | Reached skill level 1 in Maces & Flails
  2508 | D:3      | Reached skill level 4 in Fighting
  2881 | D:3      | Found a sacrificial altar of Ru.
  2890 | D:3      | Reached XP level 5. HP: 43/46 MP: 5/5
  2901 | D:3      | Found a snail-covered altar of Cheibriados.
  3051 | D:3      | Found a shattered altar of Ashenzari.
  3052 | D:3      | Found a shimmering blue altar of Sif Muna.
  3595 | D:4      | Noticed a sky beast
  3618 | D:4      | Killed a sky beast
  3618 | D:4      | Reached XP level 6. HP: 31/53 MP: 6/6
  4107 | D:4      | Reached skill level 5 in Fighting
  4249 | D:4      | Reached XP level 7. HP: 61/61 MP: 7/7
  4589 | D:5      | Entered Level 5 of the Dungeon
  4618 | D:5      | Noticed Pikel
  4621 | D:4      | Quit the game

Skill      XL: |  1  2  3  4  5  6 |
---------------+-------------------+-----
Axes           | 3 |  3.3
Maces & Flails | 1 2 3 |  3.5
Fighting       | 4 5 |  5.4
Armour         | 2 |  2.7
Dodging        | 2 |  2.7

Action                   |  1- 3 |  4- 6 |  7- 9 || total
-------------------------+-------+-------+-------++-------
Melee: Hand axe          |   109 |       |       ||   109
       Kick              |    24 |    28 |     7 ||    59
       Whip              |    15 |   123 |    30 ||   168
Throw: Stone             |       |     7 |       ||     7
Invok: Berserk           |     2 |     3 |     1 ||     6
  Eat: Chunk             |     5 |     5 |     2 ||    12
       Ration            |       |     1 |       ||     1
Armor: Animal skin       |    52 |    33 |       ||    85
       Ring mail         |       |       |     7 ||     7
Dodge: Dodged            |    64 |    43 |     9 ||   116
Block: Other             |       |     1 |       ||     1
